 Dungeon Crawl Stone Soup version 0.31.0-1-g2c135a008e (webtiles) character file.

Game seed: 11327369558574946679

46 qw the Shooter (level 3, -3/29 HPs)
             Began as a Djinni Hunter on Jan 23, 2024.
             Slain by a gnoll
             ... wielding a +1 spear of freezing
              (4 damage)
             ... on level 2 of the Dungeon.
             The game lasted 00:00:02 (522 turns).

qw the Shooter (Djinni Hunter)                       Turns: 522, Time: 00:00:03

Health: -3/29      AC:  3    Str: 10    XL:     3   Next: 92%
Gold:   38         EV: 12    Int: 10    God:
                   SH:  0    Dex: 18

rFire   + + .        a - +0 shortbow
rCold   x . .        (shield currently unavailable)
rNeg    . . .        c - +0 leather armour
rPois   inf          (no helmet)
rElec   .            (no cloak)
rCorr   .            (no gloves)
SInv    .            (boots unavailable)
Will    .....        (no amulet)
Stlth   ++           (no ring)
HPRegen 0.24/turn    (no ring)
MPRegen 0.00/turn

%: infuse magic (-4 HP)
@: flying
A: sickness immunity, fire resistance 2, cold vulnerability 1, float, innate
caster, HP casting, extra vitality 1
a: no special abilities


You were on level 2 of the Dungeon.
You visited 1 branch of the dungeon, and saw 2 of its levels.

You collected 38 gold pieces.


Innate Abilities, Weirdness & Mutations

You are immune to sickness and miasma.
You are immune to poison.
Your flesh is very heat resistant. (rF++)
You are vulnerable to cold. (rC-)
You float through the air rather than walking.
You learn spells naturally, not from books.
Your magical power is your life essence.
You have superior vitality. (+4 MHP)


   Skills:
 + Level 2.8 Fighting
 - Level 4.0 Ranged Weapons
 - Level 2.1 Dodging
 - Level 0.7 Stealth


You knew the following spells:

 Your Spells              Type           Power      Damage    Failure   Level
a - Sting                 Conj/Alch      0%         1d3       45%         1
Your spell library was empty.

Inventory:

Hand Weapons
 a - a +0 shortbow (weapon)
Armour
 c - a +0 leather armour (worn)
Scrolls
 b - a scroll of butterflies
 d - 2 scrolls of identify {unknown}
 f - a scroll of noise {unknown}
 g - a scroll of fear {unknown}
 h - a scroll of amnesia {unknown}
 i - a scroll of brand weapon {unknown}
Potions
 e - a potion of ambrosia {unknown}

Dungeon Overview and Level Annotations

Branches:
Dungeon (1/15)

Altars:


Message History

The bat misses you. The rat completely misses you.
The goblin barely misses you.
You shoot an arrow. The arrow closely misses the goblin.
The bat misses you. The rat closely misses you. The goblin barely misses you.
The bat hits you but does no damage.
You shoot an arrow. The arrow hits the goblin!
You kill the goblin!
The bat closely misses you. The rat misses you.
The frilled lizard bites you but does no damage.
The rat bites you.
You shoot an arrow. The arrow closely misses the bat.
The bat hits you but does no damage. The rat closely misses you.
The frilled lizard barely misses you.
You shoot an arrow. The arrow closely misses the rat.
The bat hits you but does no damage. x2; The rat barely misses you.
The frilled lizard closely misses you.
A gnoll comes into view. It is wielding a +1 spear of freezing.
You shoot an arrow. The arrow barely misses the rat.
The bat hits you but does no damage. The bat barely misses you.
The frilled lizard closely misses you. The rat misses you.
You shoot an arrow. The arrow closely misses the bat.
The bat hits you but does no damage.
The frilled lizard bites you but does no damage.
The rat misses you. The rat bites you. The frilled lizard misses you.
You shoot an arrow. The arrow barely misses the rat.
The arrow hits the gnoll.
The gnoll is moderately wounded.
The bat hits you but does no damage.
A gnoll comes into view. It is wielding a +0 flail.
The rat bites you but does no damage.
The frilled lizard bites you but does no damage.
521 ||| RETREEEEATING.
The rat closely misses you.
The frilled lizard attacks as it pursues you!
The frilled lizard closely misses you.
The gnoll hits you with a +1 spear of freezing.
The gnoll freezes you.
522 ||| RETREEEEATING.
The bat hits you but does no damage.
The gnoll hits you from afar with a +1 spear of freezing!
The gnoll freezes you.
You die...

# .. #.
....#.##########
......b@.......#
....#.#lrg...g.#
. #.)g#####....
#..#% .# #.# #.
#. #? #. #? # #.
#.


You could see 3 gnolls, a bat, a frilled lizard and a rat.

Vanquished Creatures
  A gnoll (D:2)
  4 dart slugs (D:1)
  3 bats (D:1)
  An endoplasm (D:1)
  2 giant cockroaches (D:1)
  3 hobgoblins
  4 kobolds
  2 quokkas (D:1)
  2 ball pythons (D:1)
  A frilled lizard (D:1)
  2 goblins
  3 rats
28 creatures vanquished.

Notes
Turn   | Place    | Note
-------+----------+-------------------------------------------
     0 | D:1      | qw the Djinni Hunter began the quest for the Orb.
     0 | D:1      | Reached XP level 1. HP: 18/18 MP: 0/0
     0 | D:1      | 0 ||| qw: Version: 0.3-a-136-gdd3b4e8
     0 | D:1      | 0 ||| qw: Game counter: 1019
     0 | D:1      | 0 ||| qw: Melee chars always use a shield: true
     0 | D:1      | 0 ||| qw: God list: Okawaru
     0 | D:1      | 0 ||| qw: Allow faded altars: false
     0 | D:1      | 0 ||| qw: Do Orc after clearing Dungeon:15 true
     0 | D:1      | 0 ||| qw: Do second Lair branch before Depths: true
     0 | D:1      | 0 ||| qw: Lair rune preference: random
     0 | D:1      | 0 ||| qw: Goals: Normal
     0 | D:1      | 0 ||| PLANNING D:1-11
    58 | D:1      | Reached XP level 2. HP: 23/23 MP: 0/0
   214 | D:1      | Reached XP level 3. HP: 28/28 MP: 0/0
   214 | D:1      | Learned a level 1 spell: Sting
   216 | D:1      | Reached skill level 4 in Ranged Weapons
   496 | D:1      | You are sucked into a shaft and drop 1 floor!
   521 | D:2      | 521 ||| RETREEEEATING.
   521 | D:2      | HP: 7/29 [gnoll/+1 spear of freezing (4)]
   522 | D:2      | 522 ||| RETREEEEATING.
   522 | D:2      | HP: 1/29 [gnoll/+1 spear of freezing (7)]
   522 | D:2      | Slain by a gnoll

Levels and vault maps discovered:
D:1:      dpeg_arrival_rooms_b, layout_rooms
D:2:      layout_loops_ring, chequers_serial_rivers_small_3, minmay_circle_x

Skill      XL: |  1  2  3 |
---------------+----------+-----
Ranged Weapons | 4 |  4.0
Fighting       | |  2.8
Dodging        | |  2.1
Stealth        | |  0.7

Action                     || total
---------------------------++-------
   Fire: Shortbow          ||    78
 Armour: Leather armour    ||    35
  Dodge: Dodged            ||    53

Table legend:
 A = Non-vault XP
 B = Vault XP
 C = Vault XP percentage of total XP
 D = Non-vault monster count
 E = Vault monster count
 F = Vault count percentage of total count
                 A         B        C        D         E       F
            +---------+---------+-------+---------+---------+-------
      Total |      58 |       8 |  12.1 |      23 |       5 |  17.9
            +---------+---------+-------+---------+---------+-------
        D:1 |      44 |       0 |   0.0 |      22 |       0 |   0.0
        D:2 |      14 |       8 |  36.4 |       1 |       5 |  83.3
            +---------+---------+-------+---------+---------+-------
